 Dungeon Crawl Stone Soup version 0.22-a0-63-geddfa9b (webtiles) character file.

134 teukkam the Magician (level 5, 0/37 HPs)
             Began as a Gnoll Wanderer on Dec 28, 2017.
             Slain by a worker ant (4 damage)
             ... in the Ecumenical Temple on Jan 10, 2018.
             The game lasted 00:10:19 (2086 turns).

teukkam the Magician (Gnoll Wanderer)               Turns: 2086, Time: 00:10:20

Health: 0/37       AC:  2    Str: 17    XL:     5   Next: 17%
Magic:  13/14      EV: 12    Int: 14    God:
Gold:   147        SH:  0    Dex: 15    Spells: 5/18 levels left

rFire    . . .     SeeInvis .   a - +3 hand axe (venom)
rCold    . . .     Gourm    .   (no shield)
rNeg     . . .     Faith    .   c - +0 robe
rPois    .         Spirit   .   (no helmet)
rElec    .         Reflect  .   (no cloak)
rCorr    .         Harm     .   (no gloves)
MR       .....                  (no boots)
Stlth    ++........             (no amulet)
HPRegen  0.00/turn              g - +2 ring of strength
MPRegen  0.14/turn              (no ring)

@: no status effects
A: distributed training, fangs 1, deterioration 1, mutation resistance 1,
inhibited regeneration, wild magic 1, strong nose
a: no special abilities


You were in the Ecumenical Temple.
You were not hungry.

You visited 2 branches of the dungeon, and saw 6 of its levels.

You collected 147 gold pieces.

Inventory:

Hand Weapons
 a - a +3 hand axe of venom (weapon)
 d - a +0 club
Armour
 b - a +0 buckler
 c - a +0 robe (worn)
Jewellery
 g - a +2 ring of strength (left hand)
Scrolls
 i - 3 scrolls of identify
 p - a scroll of fear {unknown}
Potions
 n - a potion of agility
 o - 2 potions of mutation
Books
 e - a book of Flames

   Spells                             Type                      Level
   a - Flame Tongue                   Conjuration/Fire             1
   b - Throw Flame                    Conjuration/Fire             2
   c - Conjure Flame                  Conjuration/Fire             3
   d - Inner Flame                    Hexes/Fire                   3
   e - Sticky Flame                   Conjuration/Fire             4
   f - Fireball                       Conjuration/Fire             5
Comestibles
 f - 4 rations


   Skills:
 + Level 1.3 Fighting
 + Level 1.3 Short Blades
 + Level 1.3 Long Blades
 + Level 1.3 Axes
 + Level 1.3 Maces & Flails
 + Level 1.3 Polearms
 + Level 1.3 Staves
 + Level 1.3 Slings
 + Level 1.3 Bows
 + Level 1.3 Crossbows
 + Level 2.9 Throwing
 + Level 1.3 Armour
 + Level 1.3 Dodging
 + Level 1.3 Stealth
 + Level 2.9 Shields
 + Level 1.3 Unarmed Combat
 + Level 7.2 Spellcasting
 + Level 1.1 Conjurations
 + Level 1.1 Hexes
 + Level 1.1 Charms
 + Level 2.3 Summonings
 + Level 3.9 Necromancy
 + Level 1.1 Translocations
 + Level 1.1 Transmutations
 + Level 3.9 Fire Magic
 + Level 1.1 Ice Magic
 + Level 1.1 Air Magic
 + Level 1.1 Earth Magic
 + Level 1.1 Poison Magic
 + Level 1.5 Invocations
 + Level 1.3 Evocations


You had 5 spell levels left.
You knew the following spells:

 Your Spells              Type           Power        Failure   Level  Hunger
a - Flame Tongue          Conj/Fire      ###..        8%          1    None
b - Conjure Flame         Conj/Fire      ###.....     21%         3    ##.....
c - Throw Flame           Conj/Fire      ###...       12%         2    None
d - Inner Flame           Hex/Fire       ###.....     21%         3    ##.....
e - Sticky Flame          Conj/Fire      ###.....     52%         4    ####...


Dungeon Overview and Level Annotations

Branches:
Dungeon (5/15)             Temple (1/1) D:4

Altars:
Gozag
Trog
Xom


Innate Abilities, Weirdness & Mutations

Your experience applies equally to all skills.
You have very sharp teeth.
Your uncanny sense of smell can sniff out nearby items.
Your body sometimes deteriorates upon taking damage.
You are somewhat resistant to further mutation.
You do not regenerate when monsters are visible.
Your spells are a little harder to cast, but a little more powerful.


Message History

The worker ant bites you!
Casting: Flame Tongue
Confirm with . or Enter, or press ? or * to list all spells.
Aiming: Flame Tongue
Press: ? - help, Shift-Dir - straight line, f - worker ant
Aim: a worker ant The flame tongue hits the worker ant.
The worker ant is heavily wounded.
The worker ant barely misses you. The iguana bites you!
* * * LOW HITPOINT WARNING * * *
It was a potion of curing.
You feel better. The worker ant bites you.
* * * LOW HITPOINT WARNING * * *
The iguana bites you.
* * * LOW HITPOINT WARNING * * *
The worker ant closely misses you.
As you read the scroll labeled QIKLIU HENEOSS, it crumbles to dust.
It is a scroll of enchant weapon.
Your +2 hand axe of venom glows red for a moment.
The worker ant bites you.
You die...

♣♣♣♣
♣♣♣..♣♣♣
♣......♣♣
♣...<...♣
♣......♣♣
♣♣....♣♣
♣♣♣♣l.♣
♣.a♣♣ ♣♣.@♣
♣...♣ ♣.....
♣......♣
≈.......♣
≈≈..≈......
≈≈..≈≈♣....
..≈..≈≈≈♣...


You could see an iguana and a worker ant.

Vanquished Creatures
  A hound skeleton (D:4)
  Robin (D:3)
  5 adders
  A shadow imp (D:3)
  An adder skeleton (D:4)
  A worm (D:4)
  2 dart slugs
  A leopard gecko (D:3)
  4 giant cockroaches
  10 hobgoblins
  4 jackals (D:2)
  A quokka (D:4)
  2 bats
  A frilled lizard (D:3)
  7 goblins (D:3)
  3 kobolds (D:3)
  3 rats
48 creatures vanquished.

Notes
Turn   | Place    | Note
-------+----------+-------------------------------------------
     0 | D:1      | teukkam the Gnoll Wanderer began the quest for the Orb.
     0 | D:1      | teukkam set off with: a book of Flames, a +0 buckler, a +0 robe, a +0 club, a ration
     0 | D:1      | Reached XP level 1. HP: 13/13 MP: 8/8
     2 | D:1      | Learned a level 1 spell: Flame Tongue
     6 | D:1      | You fall through a shaft!
    76 | D:2      | Reached XP level 2. HP: 17/20 MP: 3/10
   423 | D:2      | Upgraded the game from 0.21-a0-633-g4c047d5 to 0.22-a0-63-geddfa9b
   553 | D:3      | Reached XP level 3. HP: 8/25 MP: 9/11
   559 | D:3      | Reached skill level 1 in Invocations
   903 | D:3      | Noticed Robin
   924 | D:2      | Learned a level 3 spell: Conjure Flame
   927 | D:2      | Learned a level 2 spell: Throw Flame
   931 | D:2      | Learned a level 3 spell: Inner Flame
   957 | D:3      | Reached skill level 1 in Fighting
   957 | D:3      | Reached skill level 1 in Short Blades
   957 | D:3      | Reached skill level 1 in Long Blades
   957 | D:3      | Reached skill level 1 in Axes
   957 | D:3      | Reached skill level 1 in Maces & Flails
   957 | D:3      | Reached skill level 1 in Polearms
   957 | D:3      | Reached skill level 1 in Staves
   957 | D:3      | Reached skill level 1 in Slings
   957 | D:3      | Reached skill level 1 in Bows
   957 | D:3      | Reached skill level 1 in Crossbows
   957 | D:3      | Reached skill level 1 in Armour
   957 | D:3      | Reached skill level 1 in Dodging
   957 | D:3      | Reached skill level 1 in Stealth
   957 | D:3      | Reached skill level 1 in Unarmed Combat
   957 | D:3      | Reached skill level 1 in Evocations
   957 | D:3      | Reached XP level 4. HP: 18/32 MP: 5/13
  1251 | D:3      | Found a shimmering altar of Xom.
  1380 | D:3      | Killed Robin
  1416 | D:3      | Reached skill level 1 in Conjurations
  1416 | D:3      | Reached skill level 1 in Hexes
  1416 | D:3      | Reached skill level 1 in Charms
  1416 | D:3      | Reached skill level 1 in Translocations
  1416 | D:3      | Reached skill level 1 in Transmutations
  1416 | D:3      | Reached skill level 1 in Ice Magic
  1416 | D:3      | Reached skill level 1 in Air Magic
  1416 | D:3      | Reached skill level 1 in Earth Magic
  1416 | D:3      | Reached skill level 1 in Poison Magic
  1835 | D:4      | Learned a level 4 spell: Sticky Flame
  1867 | D:4      | Noticed an ogre
  1887 | D:5      | Entered Level 5 of the Dungeon
  1899 | D:4      | Found an opulent altar of Gozag.
  1950 | D:4      | Reached XP level 5. HP: 37/37 MP: 14/14
  2021 | D:4      | Found a bloodstained altar of Trog.
  2068 | D:4      | Found a staircase to the Ecumenical Temple.
  2077 | Temple   | Entered the Ecumenical Temple
  2082 | Temple   | Gained mutation: Your body sometimes deteriorates upon taking damage. [potion of mutation]
  2082 | Temple   | Gained mutation: Your spells are a little harder to cast, but a little more powerful. [potion of mutation]
  2082 | Temple   | Gained mutation: You do not regenerate when monsters are visible. [potion of mutation]
  2082 | Temple   | Gained mutation: You are somewhat resistant to further mutation. [potion of mutation]
  2086 | Temple   | Slain by a worker ant

Vault maps used:
D:1:      saegor_arrival_under_anarchy, minmay_stone_trees_small
D:3:      first_ration, xom_teletrap_fun, uniq_robin
D:4:      lemuel_doored_altar, marbit_many_paths,
          minmay_temple_entry_large_hall, grunt_decor_cap
D:5:      zin_academy, kennysheep_mini, lemuel_coloured_pillars_altar,
          basic_altar, uniq_prince_ribbit1, uniq_blork_the_orc
Temple:   oiseaux_autumnal_temple

Skill      XL: |  1  2  3  4 |
---------------+-------------+-----
Summonings     | 2 |  2.3
Invocations    | 1 |  1.5
Fighting       | 1 |  1.3
Short Blades   | 1 |  1.3
Long Blades    | 1 |  1.3
Axes           | 1 |  1.3
Maces & Flails | 1 |  1.3
Polearms       | 1 |  1.3
Staves         | 1 |  1.3
Slings         | 1 |  1.3
Bows           | 1 |  1.3
Crossbows      | 1 |  1.3
Armour         | 1 |  1.3
Dodging        | 1 |  1.3
Stealth        | 1 |  1.3
Unarmed Combat | 1 |  1.3
Evocations     | 1 |  1.3
Conjurations   | 1 |  1.1
Hexes          | 1 |  1.1
Charms         | 1 |  1.1
Translocations | 1 |  1.1
Transmutations | 1 |  1.1
Ice Magic      | 1 |  1.1
Air Magic      | 1 |  1.1
Earth Magic    | 1 |  1.1
Poison Magic   | 1 |  1.1
Throwing       | |  2.9
Shields        | |  2.9
Spellcasting   | |  7.2
Necromancy     | |  3.9
Fire Magic     | |  3.9

Action                   |  1- 3 |  4- 6 || total
-------------------------+-------+-------++-------
Melee: Club              |     8 |       ||     8
       Bite              |     6 |     9 ||    15
       Hand axe          |    29 |    60 ||    89
 Cast: Flame Tongue      |    15 |     6 ||    21
       Throw Flame       |       |     6 ||     6
       Conjure Flame     |       |     1 ||     1
  Use: Potion            |     2 |     2 ||     4
       Scroll            |     1 |     5 ||     6
 Stab: Sleeping          |     1 |     4 ||     5
  Eat: Ration            |       |     1 ||     1
Armor: Robe              |     9 |     2 ||    11
Dodge: Dodged            |    40 |    42 ||    82
Block: Buckler           |     7 |    12 ||    19

Table legend:
 A = Spawn XP
 B = Non-spawn XP
 C = Spawn XP percentage of total XP
 D = Spawn monster count
 E = Non-spawn monster count
 F = Spawn count percentage of total count
 G = Total turns spent on level
                    A         B        C        D         E        F      G
               +---------+---------+-------+---------+---------+-------+---------
         Total |       0 |     192 |   0.0 |       0 |      48 |   0.0 |  2086
               +---------+---------+-------+---------+---------+-------+---------
           D:2 |       0 |      34 |   0.0 |       0 |      12 |   0.0 |   746
           D:3 |       0 |     113 |   0.0 |       0 |      30 |   0.0 |  1024
           D:4 |       0 |      45 |   0.0 |       0 |       6 |   0.0 |   299
               +---------+---------+-------+---------+---------+-------+---------
